Map: Curious Minds LE

Players

A.I. 1 (Very Easy)

  • Race: Zerg Zerg

ViBE - Winner!

  • Race: Zerg Zerg
  • League: Grandmaster

VOD

Have the link to the VOD?

Description

Time

  • Played on: Dec. 30, 2021, 5:12 p.m.
  • Length: 9:43
Show
View Real Time Build Order
Export as new Build Order

A.I. 1 (Very Easy) Zerg 

Build Orders: Pool First 

Get SALT Encoding   

  12  0:01  Drone  
  13  0:12  Overlord  
  13  0:16  Drone  
  14  0:36  Spawning Pool  
  14  0:37  Extractor  
  14  0:39  Drone  
  13  0:46  Drone  
  14  0:51  Overlord  
  14  1:22  Queen  
  14  1:23  Zergling x2  
  17  1:29  Roach Warren  
  16  1:33  Drone  
  16  1:37  Extractor  
  16  1:42  Drone  
  17  1:49  Zergling x2  
  18  2:01  Drone  
  19  2:08  Drone  
  20  2:15  Zergling x2  
  20  2:16  Drone  
  22  2:27  Overlord  
  23  2:30  Drone  
  24  2:37  Drone  
  24  2:42  Roach  
  27  2:44  Drone  
  27  7:09  Drone, Roach, Lair  
  27  7:10  Overlord  
  30  7:16  Drone  
  31  7:23  Drone  
  31  7:24  Hatchery  
  31  7:30  Drone  
  29  7:48  Roach  
  29  8:10  Overseer x2  
  29  8:26  Zergling x2  
  30  8:37  Drone  
  31  8:44  Drone  
  23  8:51  Drone  
  23  8:55  Zergling x2  
  17  8:59  Drone  
  5  9:06  Drone  
  3  9:13  Drone  
  2  9:21  Drone  
  3  9:28  Drone  
  3  9:35  Hatchery  
Show
View Real Time Build Order
Export as new Build Order

ViBE Zerg - Winner!

Build Orders: Hatch First 

Get SALT Encoding   

  12  0:00  Drone  
  13  0:13  Overlord  
  13  0:17  Drone  
  14  0:31  Drone x2  
  16  0:47  Hatchery  
  15  0:51  Drone  
  15  0:55  Drone  
  17  1:00  Drone  
  18  1:09  Extractor  
  17  1:14  Spawning Pool  
  17  1:17  Drone  
  17  1:20  Drone  
  18  1:28  Drone  
  19  1:58  Overlord  
  19  2:00  Drone x2  
  19  2:01  Queen  
  21  2:02  Zergling x2, Queen  
  26  2:11  Drone  
  27  2:21  Drone  
  28  2:25  Drone x2  
  30  2:36  Evolution Chamber  
  29  2:37  Drone x2  
  29  2:39  Lair  
  29  2:41  Queen  
  33  2:47  Overlord  
  33  2:51  Drone  
  34  2:56  Drone x2  
  36  3:01  Zerg Missile Weapons Level 1  
  36  3:05  Drone  
  37  3:06  Drone  
  37  3:11  Drone x3  
  41  3:13  Drone  
  41  3:14  Drone  
  43  3:22  Roach Warren  
  43  3:24  Drone  
  43  3:28  Extractor x2  
  43  3:32  Evolution Chamber  
  40  3:36  Drone x2  
  40  3:37  Drone x2  
  40  3:40  Overlord  
  44  3:44  Overlord  
  44  3:51  Overlord  
  44  3:59  Drone x4  
  44  4:01  Drone  
  44  4:02  Glial Reconstitution  
  49  4:14  Roach  
  51  4:18  Roach  
  51  4:19  Roach, Hatchery  
  51  4:22  Overseer  
  54  4:25  Roach  
  56  4:32  Roach x3  
  62  4:38  Roach  
  62  4:39  Roach x2  
  68  4:49  Overlord x3  
  68  4:52  Overlord  
  68  4:59  Overlord  
  68  5:00  Pneumatized Carapace  
  68  5:03  Zerg Missile Weapons Level 2  
  68  5:08  Roach  
  68  5:09  Roach  
  68  5:11  Roach  
  68  5:13  Roach  
  76  5:18  Roach x2  
  80  5:28  Drone x6  
  86  5:32  Drone  
  87  5:37  Zerg Ground Armor Level 1  
  87  5:40  Drone x2  
  89  5:43  Drone  
  89  5:47  Drone x3  
  93  5:51  Drone  
  93  5:56  Drone x5  
  99  6:00  Drone  
  99  6:03  Drone  
  101  6:05  Drone x3  
  101  6:10  Extractor  
  103  6:11  Extractor  
  103  6:14  Drone x2, Extractor  
  103  6:16  Drone  
  104  6:20  Drone  
  104  6:21  Drone  
  106  6:33  Overlord x3  
  106  6:34  Overlord x4, Hatchery  
  105  6:41  Roach x4  
  113  6:52  Roach x3  
  119  6:59  Overlord  
  119  7:00  Overlord  
  119  7:02  Roach x4  
  119  7:04  Roach x5  
  137  7:09  Roach x2  
  137  7:15  Roach  
  143  7:18  Roach x2  
  143  7:22  Overlord  
  147  7:36  Roach x12  
  171  7:50  Roach  
  171  7:51  Roach x2  
  177  7:54  Roach  
  177  7:57  Roach  
  181  7:59  Ravager x9  
  181  8:04  Roach x4  
  181  8:05  Roach  
  200  8:10  Overseer  
  200  8:30  Infestation Pit  
Tags
 
Add a new tag
Caveats
  • Supply blocks, unpowered buildings, or Contaminate may cause inaccurate times.
  • Supply counts are checked every 10 seconds.